 Dungeon Crawl Stone Soup version 0.30-a0-715-gdb4ae3ece1 (console) character file.

Game seed: 3786389679769502442

119 petzl the Sneak (level 5, 0/37 (41) HPs)
             Began as a Formicid Delver on Jan 24, 2023.
             Slain by a wight
             ... wielding a +0 mace
              (2 damage)
             ... on level 6 of the Dungeon.
             The game lasted 00:03:37 (372 turns).

petzl the Sneak (Formicid Delver)                    Turns: 372, Time: 00:03:38

HP:   0/37 (41)     AC:  5    Str: 16    XL:     5   Next: 24%
MP:   11/11         EV: 11    Int: 12    God:
Gold: 7             SH:  0    Dex: 15    Spells: 12/12 levels left

rFire   . . .      SeeInvis +    a - +0 mace
rCold   . . .      Faith    .    (no shield)
rNeg    . . .      Spirit   .    h - +0 ring mail
rPois   .          Reflect  .    (helmet unavailable)
rElec   .          Harm     .    (no cloak)
rCorr   .          Rampage  .    (no gloves)
Will    .....                    (no boots)
Stlth   +++                      (no amulet)
HPRegen 0.26/turn                (no ring)
MPRegen 0.12/turn                (no ring)

@: drained
A: permanent stasis, dig shafts and tunnels, antennae 3, four strong arms
a: Dig, Shaft Self


You were on level 6 of the Dungeon.
You visited 2 branches of the dungeon, and saw 4 of its levels.

You collected 7 gold pieces.

Inventory:

Hand Weapons
 a - a +0 mace (weapon)
Missiles
 e - 2 curare-tipped darts (quivered)
Armour
 b - a +0 leather armour
 h - a +0 ring mail (worn)
Wands
 g - a wand of digging (3)
Scrolls
 c - 2 scrolls of fog
 d - a scroll of magic mapping
 i - a scroll of brand weapon {unknown}
Potions
 f - a potion of haste


   Skills:
 - Level 3.2 Fighting
 - Level 2.0 Maces & Flails
 - Level 1.7 Dodging
 - Level 6.0 Stealth
 + Level 4.4 Spellcasting


You had 12 spell levels left.
You didn't know any spells.
Your spell library contained the following spells:

 Spells                   Type           Power      Damage    Failure   Level
 Apportation              Tloc           4%         N/A       38%         1
 Alistair's Intoxication  Tmut/Pois      1%         N/A       100%        5


Dungeon Overview and Level Annotations

Branches:
Dungeon (7/15)             Temple (1/1) D:6

Altars:
Ashenzari
Cheibriados
Qazlal
Sif Muna
Trog
Uskayaw
Wu Jian
Xom
The Shining One


Innate Abilities, Weirdness & Mutations

You cannot be hasted, slowed, berserked, paralysed or teleported.
You can dig through walls and to a lower floor.
You have a pair of large antennae on your head. (SInv)
Your four strong arms can wield two-handed weapons with a shield.


Message History

Unknown command.
Unknown command.
You hit the wight.
The wight is moderately damaged.
The wight hits you with a +0 mace. The wight closely misses you.
You hit the wight but do no damage.
The wight is moderately damaged.
The wight closely misses you.
You hit the wight.
The wight is moderately damaged.
The wight hits you with a +0 mace!
You barely miss the wight.
The wight is moderately damaged.
The wight barely misses you. The wight hits you with a +0 mace!
You feel drained.
You barely miss the wight.
The wight is moderately damaged.
The wight hits you with a +0 mace.
You feel drained.
You hit the wight.
The wight is severely damaged.
The wight hits you with a +0 mace.
You hit the wight.
The wight is severely damaged.
The wight completely misses you. The wight hits you but does no damage.
You hit the wight.
The wight is severely damaged.
The wight hits you with a +0 mace.
* * * LOW HITPOINT WARNING * * *
Okay, then.
Unknown command.
Unknown command.
Unknown command.
Unknown command.
Unknown command.
Unknown command.
You barely miss the wight.
The wight is severely damaged.
The wight hits you with a +0 mace!
* * * LOW HITPOINT WARNING * * *
You feel drained.
You die...

..........# ........##
........# #........
##.....# ##.....##
##...#..# ##...###.#
##...####.# ##..#.###..#
.## ##..#...##..#### {
{..###
#####..##..........#
.....#
....>.###.รท..#.#...# ....
###..## ##..#.#.#..## #...
... #### #.#.#.#.#..##
##..# ...# #..#.>.#....##
##..# #...
#.#.#.#.#....######..#
#...
#..#.#.#..#......)...##..#
#...#.#...z@.^..........#
#......................##
#########....######...##
#...## ##### #....###
#......#######
##.###.......## { ###
###..##..## ######..##
##..## ##..## ##..# #...#
#####


You could see a wight.

Vanquished Creatures
  A sky beast (D:6)
  A hound (D:6)
  A kobold (D:6)
3 creatures vanquished.

Notes
Turn   | Place    | Note
-------+----------+-------------------------------------------
     0 | D:5      | petzl the Formicid Delver began the quest for the Orb.
     0 | D:5      | Reached XP level 1. HP: 18/18 MP: 1/1
    26 | D:5      | Noticed a scorpion
    38 | D:5      | Noticed a scorpion
    45 | D:5      | You fall into a shaft and drop 2 floors!
    61 | D:6      | Found a staircase to the Ecumenical Temple.
    61 | D:6      | Noticed a hound
    69 | D:6      | Noticed a sky beast
    73 | D:6      | Killed a hound
    74 | D:6      | Reached XP level 2. HP: 22/24 MP: 1/5
    74 | D:6      | Reached XP level 3. HP: 27/29 MP: 1/7
    82 | D:6      | Killed a sky beast
    83 | D:6      | Reached XP level 4. HP: 16/35 MP: 1/10
    83 | D:6      | Reached XP level 5. HP: 19/41 MP: 1/11
    94 | Temple   | Entered the Ecumenical Temple
   372 | D:6      | Slain by a wight

Illustrated notes

Levels and vault maps discovered:
D:5:      layout_rooms
D:6:      layout_layer_cave, mainiacjoe_overflow_surrounded_room,
          vehumet_altar_wand_db, minmay_temple_entry_grid, serial_shops,
          nicolae_take_the_stairs, uniq_maggie
D:7:      layout_loops_corners, kennysheep_little_box,
          mainiacjoe_overflow_concentric_impassable, gammafunk_ghost_necromancy
Temple:   dpeg_three_leaves_temple

Skill      XL: |  1  2  3 |
---------------+----------+-----
Spellcasting   | 2 4 |  4.4
Fighting       | |  3.2
Maces & Flails | |  2.0
Dodging        | |  1.7
Stealth        | |  6.0

Action                     |  1- 3 |  4- 6 || total
---------------------------+-------+-------++-------
  Melee: Mace              |     6 |    11 ||    17
  Throw: Dart              |     3 |       ||     3
Ability: Shaft Self        |     1 |       ||     1
    Use: Scroll            |     1 |       ||     1
 Armour: Ring mail         |     1 |     1 ||     2
  Dodge: Dodged            |     7 |     6 ||    13

Table legend: (Time is in decaauts)
 A = Elapsed time spent in this place.
 B = Non-inter-level travel time spent in this place.
 C = Inter-level travel time spent in this place.
 D = Time resting spent in this place.
 E = Time spent auto-exploring this place.
 F = Levels seen in this place.
 G = Mean time per level.
                   A        B        C        D        E       F      G
               +--------+--------+--------+--------+--------+-----+--------+
         Total |    376 |    360 |     16 |      0 |    129 |   4 |   94.0 |
       Dungeon |    224 |    223 |      1 |      0 |      0 |   3 |   74.7 |
        Temple |    151 |    136 |     15 |      0 |    129 |   1 |  151.0 |
               +--------+--------+--------+--------+--------+-----+--------+

Top non-repeatable levels by time:
     D:6: 167 daAuts
  Temple: 151 daAuts
     D:5: 45 daAuts
     D:7: 12 daAuts
